AoeStats
← nikias.marquardt

African Clearing

510379048Analyzed
4v4 RM · 1d ago on Sep 30, 2026· 48m 26s· 8 players
Game mode
Random Map
Map size
Large (8 player)
Population
200
Speed
Normal
Resources
Standard
Victory
Conquest
Starting age
Dark Age
Ending age
Imperial Age
RankedLock teamsTeams togetherTeam positionsShared explorationLock speedFull tech treeHidden civsTurbo modeCheats
Victory
Defeat
🇵🇪 Malay · Peru
1503
+11
🇩🇪 Saracens · Germany
1386
+16
🇵🇱 Magyars · Poland
1367
+16
🇪🇸 Berbers · Spain
1313
+19
🇺🇸 Berbers · United States
1435
-18
🇺🇸 Varangians · United States
1423
-17
🇫🇷 Japanese · France
1334
-14
🇫🇷 Franks · France
1320
-13
nikias.marquardt
12:59 Feudal Age
11:17 Loom
13:11 Man-at-Arms
17:45 Scale Barding Armor
17:43 Scale Mail Armor
22:37 Castle Age
24:58 Fletching
24:55 Pikeman
29:12 Bodkin Arrow
40:24 Horse Collar
44:10 Scale Barding Armor
45:39 Wheelbarrow
45:28 Chain Barding Armor
46:02 Forging
47:44 Iron Casting
48:13 Bloodlines
48:07 Husbandry
48:15 Town Watch
Saga
6:29 Loom
12:45 Feudal Age
15:05 Double-Bit Axe
18:18 Castle Age
17:32 Fletching
20:16 Husbandry
21:26 Bodkin Arrow
28:54 Bloodlines
31:20 Bow Saw
36:07 Imperial Age
34:21 Wheelbarrow
36:36 Hand Cart
37:13 Scale Barding Armor
38:23 Chain Barding Armor
38:31 Cavalier
39:51 Plate Barding Armor
43:25 Town Watch
43:23 Horse Collar
43:34 Gold Mining
45:26 Two-Man Saw
45:08 Bracer
45:12 Padded Archer Armor
46:37 Parthian Tactics
46:35 Heavy Plow
47:21 Leather Archer Armor
48:11 Crop Rotation
48:31 Ballistics
47:55 Treadmill Crane
49:08 Gold Shaft Mining
48:25 Stone Mining
Mike_Tango
6:25 Loom
13:48 Feudal Age
14:26 Double-Bit Axe
15:52 Scale Barding Armor
16:55 Forging
22:50 Horse Collar
26:09 Castle Age
25:05 Stone Mining
25:42 Bloodlines
33:03 Iron Casting
33:51 Gold Mining
37:36 Heavy Plow
39:49 Chain Barding Armor
41:09 Husbandry
46:20 Imperial Age
44:58 Wheelbarrow
46:05 Gold Shaft Mining
46:39 Hand Cart
47:00 Stone Shaft Mining
47:24 Conscription
46:28 Cavalier
48:11 Blast Furnace
48:36 Plate Barding Armor
DYN_BenderGC
13:04 Feudal Age
13:52 Double-Bit Axe
13:56 Loom
18:56 Fishing Lines
23:31 Castle Age
24:40 Bow Saw
24:23 Gillnets
25:25 Sanctity
35:41 Forging
35:13 Pikeman
35:55 Squires
39:00 Fletching
39:47 Iron Casting
40:30 Wheelbarrow
39:41 Town Watch
40:36 Bodkin Arrow
44:00 Imperial Age
41:46 Hand Cart
42:48 Hand Cart
43:48 Halberdier
44:35 Horse Collar
44:49 Gold Mining
44:49 Stone Mining
44:50 Arson
46:09 Blast Furnace
44:47 Man-at-Arms
46:44 Conscription
45:49 Long Swordsman
47:30 Gold Shaft Mining
47:31 Stone Shaft Mining
47:34 Guilds
46:59 Two-Handed Swordsman
47:30 Capped Ram
48:25 Forced Levy
lefournion
11:25 Feudal Age
12:01 Double-Bit Axe
12:21 Loom
13:09 Loom
13:36 Fletching
15:06 Wheelbarrow
21:14 Castle Age
21:23 Crossbowman
23:18 Bodkin Arrow
34:33 Hand Cart
35:14 Thumb Ring
47:13 Scale Mail Armor
差不多先生
4:31 Loom
13:13 Feudal Age
14:34 Wheelbarrow
14:19 Double-Bit Axe
16:33 Town Watch
17:21 Scale Barding Armor
17:27 Forging
21:50 Castle Age
20:29 Forging
41:57 Fletching
The_Reverend
11:07 Loom
13:12 Feudal Age
17:12 Castle Age
15:08 Double-Bit Axe
19:24 Squires
19:43 Scale Barding Armor
19:41 Scale Mail Armor
19:51 Forging
31:21 Town Watch
32:19 Wheelbarrow
37:47 Imperial Age
36:35 Padded Archer Armor
36:25 Fletching
37:40 Bloodlines
37:33 Husbandry
38:31 Pikeman
40:52 Halberdier
FreeWilly
4:42 Loom
13:10 Feudal Age
16:59 Castle Age
15:00 Double-Bit Axe
16:44 Scale Barding Armor
17:47 Horse Collar
23:32 Forging
24:20 Bloodlines
24:53 Heavy Plow
26:21 Husbandry
25:59 Light Cavalry
28:06 Chain Barding Armor
30:16 Iron Casting
29:49 Devotion
31:02 Wheelbarrow
32:32 Hand Cart
33:40 Fletching
35:50 Bodkin Arrow
40:23 Imperial Age
Connection lost

Rejoining the realm…

Still unreachable

The connection could not be restored.

Session expired

The server has moved on; the page needs a fresh start.